AoeStats
← Abetterhandle

African Clearing

506805931Analyzed
3v3 RM · 17d ago on Sep 15, 2026· 50m 2s· 6 players
Game mode
Random Map
Map size
Normal (6 player)
Population
200
Speed
Normal
Resources
Standard
Victory
Conquest
Starting age
Dark Age
Ending age
Imperial Age
RankedLock teamsTeams togetherTeam positionsShared explorationLock speedFull tech treeHidden civsTurbo modeCheats
Victory
Defeat
🇷🇺 Lithuanians · Russia
1028
+14
🇦🇺 Huns · Australia
1017
+15
🇳🇿 Malians · New Zealand
996
+16
🇫🇷 Huns · France
1054
-17
🇷🇺 Tatars · Russia
961
-36
🇲🇽 Khmer · Mexico
958
-14
Victor_Wembanyama
13:22 Feudal Age
18:16 Castle Age
16:50 Double-Bit Axe
19:12 Bloodlines
19:07 Husbandry
19:05 Gold Mining
25:27 Horse Collar
29:29 Scale Mail Armor
29:37 Scale Barding Armor
29:43 Forging
31:28 Wheelbarrow
33:26 Iron Casting
33:12 Chain Barding Armor
33:49 Loom
33:50 Town Watch
36:42 Marauders
39:49 Hand Cart
43:20 Imperial Age
43:31 Imperial Age
43:59 Elite Tarkan
45:48 Blast Furnace
46:15 Plate Barding Armor
Abetterhandle
4:58 Loom
13:25 Feudal Age
14:20 Double-Bit Axe
19:59 Castle Age
25:26 Forging
26:21 Squires
28:43 Stone Mining
29:52 Tigui
36:12 Imperial Age
33:47 Horse Collar
35:14 Iron Casting
35:48 Fletching
35:50 Arson
36:18 Bow Saw
36:58 Heavy Plow
37:34 Scale Mail Armor
41:57 Conscription
42:35 Chain Mail Armor
44:07 Elite Gbeto
46:53 Plate Mail Armor
nak
13:41 Feudal Age
11:59 Loom
14:07 Double-Bit Axe
20:31 Castle Age
22:11 Husbandry
22:24 Bloodlines
23:50 Bow Saw
25:50 Horse Collar
31:19 Hill Forts
32:35 Fletching
35:06 Bodkin Arrow
36:49 Wheelbarrow
36:00 Town Watch
36:11 Gold Mining
36:11 Stone Mining
36:29 Scale Barding Armor
36:35 Forging
37:26 Murder Holes
37:42 Masonry
43:06 Imperial Age
40:54 Hand Cart
41:34 Chain Barding Armor
41:59 Iron Casting
40:50 Light Cavalry
44:23 Conscription
44:50 Plate Barding Armor
44:55 Cavalier
45:22 Elite Leitis
46:10 Bracer
46:33 Town Patrol
46:17 Capped Ram
47:16 Winged Hussar
48:45 Paladin
harald
5:11 Loom
16:57 Feudal Age
17:28 Horse Collar
17:35 Double-Bit Axe
18:32 Wheelbarrow
17:42 Town Watch
24:45 Castle Age
26:00 Fletching
29:44 Husbandry
33:33 Fervor
38:11 Hand Cart
48:18 Imperial Age
46:33 Light Cavalry
47:23 Bloodlines
Sharcks
14:55 Feudal Age
13:56 Loom
15:38 Double-Bit Axe
20:07 Castle Age
18:44 Scale Barding Armor
18:50 Forging
22:25 Chain Barding Armor
22:42 Iron Casting
24:20 Pikeman
27:13 Wheelbarrow
27:51 Town Watch
29:02 Marauders
30:22 Horse Collar
30:37 Gold Mining
32:13 Hand Cart
32:12 Scale Mail Armor
36:41 Imperial Age
35:44 Chain Mail Armor
35:56 Murder Holes
37:16 Halberdier
40:59 Conscription
42:19 Elite Tarkan
43:47 Heavy Plow
44:25 Bloodlines
45:10 Husbandry
47:04 Blast Furnace
Smart_ass
12:25 Feudal Age
13:46 Wheelbarrow
13:54 Double-Bit Axe
21:50 Castle Age
19:43 Town Watch
22:20 Horse Collar
22:26 Man-at-Arms
23:42 Forging
23:44 Stone Mining
23:47 Gold Mining
24:28 Long Swordsman
26:57 Scale Mail Armor
35:01 Scale Barding Armor
40:57 Hand Cart
40:56 Bow Saw
43:38 Town Patrol
Connection lost

Rejoining the realm…

Still unreachable

The connection could not be restored.

Session expired

The server has moved on; the page needs a fresh start.